Arrhythmia, chaotic female vampiric Convict --- ---.---------------------------- --............................... -............------------------.-- |...|.........--(. --@.| |...| |..-------....)... |.@.| -.... ---- -..-%...---%--- --....| ..%[...|.<.| |....-- .....%...--- |....- .....)%....| --...- ...^..%.*...- --.. ............. -.. ......... ....... Arrhythmia the Jail-bird Experience level: 9 Strength: 16 Dexterity: 17 Constitution: 18 Intelligence: 7 Wisdom: 9 Charisma: 8 Health: 0(79) Energy: 52(52) AC: 3 Gold: 295 Moves: 3521 Your Inventory: Coins $ - 295 gold pieces Armor H - an [uncursed] +0 hard hat [dwarvish iron helm] (being worn) K - an [uncursed] +0 leather cloak (being worn) L - an [uncursed] +0 pair of jackboots [high] (being worn) N - an [uncursed] +0 small shield (being worn) R - an [uncursed] +0 pair of fencing gloves [leather] (being worn) Scrolls a - an [uncursed] scroll labeled GARVEN DEH [of destroy armor] Z - an [uncursed] scroll labeled KO BATE [of create monster] Potions e - a [blessed] greasy potion [of acid] Wands d - an [uncursed] bent wand [of digging (0:4)] Tools b - an [uncursed] partly used [tallow] candle (lit) (0:35) j - an uncursed magic marker [0:68] n - an uncursed skeleton key Iron balls c - an uncursed heavy iron ball (chained to you) (weapon in hand) Spells known in the end: Name Level Category Fail Memory Your skills at the end: Fighting Skills Weapon Skills flail [Basic / Expert] sling [Basic / Skilled] Spellcasting Skills Final Attributes: You were piously aligned. Hunger level was 939. Your alignment was 27 / 27. Monster difficulty range was 1 - 8. Level difficulty was 8. You were immune to poison. You were immune to level-drain. You were immune to sickness. You were punished. You could fly. You could survive without air. You regenerated. You were lucky (1). You are dead. Vanquished creatures: a black pudding a small mimic a tengu 4 watchmen a gold golem a lizard a dwarf lord a blue jelly 3 fire ants an imp 6 Mordor orcs 5 Uruk-hai 2 shriekers a violet fungus 3 gnome lords 2 gnomish wizards 2 gray oozes a paper golem 3 giant ants 2 floating eyes a kitten 6 dwarves a homunculus a kobold lord 2 rothes a rabid rat a giant bat 3 orc zombies an iguana a coyote a gas spore 2 hobbits 3 large kobolds 3 giant rats 5 cave spiders 2 yellow molds a green mold a red mold 29 gnomes 4 garter snakes a gnome zombie 3 geckos 4 jackals a kobold a sewer rat 5 grid bugs 3 bats 3 lichens 3 newts 135 creatures vanquished. Voluntary challenges: You went without food. You were illiterate. You never hit with a wielded weapon. You put on armor 18 times. You never genocided any monsters. You never polymorphed an object. You never changed form. You used no wishes. You abstained from Elbereth's help. You never encountered a bones level. You never used any Sokoban shortcuts. Dungeon overview: The Dungeons of Doom: levels 1 to 4 Level 1 an altar, a sink a long staircase Level 3 (Succ) a general store, a sink Level 4 stairs to The Gnomish Mines The Gnomish Mines: levels 5 to 8 Level 5 stairs to The Dungeons of Doom Level 7 some shops, a temple to Tymora, a magic chest, some fountains Level 8 <- You were here History has recorded: On T:1 you entered the Dungeons of Doom to retrieve the Amulet of Yendor! On T:109 you advanced to experience level 2. On T:125 you advanced to experience level 3. On T:474 you advanced to experience level 4. On T:490 you reached level 2 of The Dungeons of Doom. On T:894 you advanced to experience level 5. On T:992 you reached level 3 of The Dungeons of Doom. On T:1054 you advanced to experience level 6. On T:1432 you reached level 4 of The Dungeons of Doom. On T:1575 you reached level 1 of The Gnomish Mines. On T:1610 you advanced to experience level 7. On T:2555 you advanced to experience level 8. On T:2563 you reached level 2 of The Gnomish Mines. On T:2903 you reached level 3 of The Gnomish Mines. On T:3278 you reached level 4 of The Gnomish Mines. On T:3476 you advanced to experience level 9. Latest messages: You kill the rothe! e - a greasy potion. You fly down along the stairs. The watch captain swings his silver saber. The silver sears your flesh! The watch captain hits! The watch captain swings his silver saber. The silver sears your flesh! The watch captain hits! [HP-49=30] You see here a very rotten homunculus corpse. [HP+1=31] [HP+1=32] [HP+1=33] [HP+1=34] The watch captain swings his silver saber. The silver sears your flesh! The watch captain hits! The watch captain swings his silver saber. The silver sears your flesh! The watch captain hits! You die... Final status: Goodbye Arrhythmia the Convict... You died in The Gnomish Mines on dungeon level 8 with 7022 points, and 295 pieces of gold, after 3521 moves. You were level 9 with a maximum of 79 hit points when you died.